 Dungeon Crawl Stone Soup version 0.29-a0-824-gd827844252 (webtiles) character file.

Game seed: 6915611129633563180

121 Malachi the Magician (level 5, -8/35 HPs)
             Began as a Djinni Earth Elementalist on July 10, 2022.
             Killed by divine providence
             ... invoked by an orc priest
              (9 damage)
             ... on level 4 of the Dungeon.
             The game lasted 00:03:14 (3785 turns).

Malachi the Magician (Djinni Earth Elementalist)    Turns: 3785, Time: 00:03:15

Health: -8/35      AC:  2    Str:  7    XL:     5   Next: 26%
Gold:   215        EV: 12    Int: 18    God:
                   SH:  0    Dex: 14

rFire   + + .      SeeInvis .   (no weapon)
rCold   x . .      Faith    .   (no shield)
rNeg    . . .      Spirit   .   a - +0 robe
rPois   ∞          Reflect  .   (no helmet)
rElec   .          Harm     .   (no cloak)
rCorr   .          Rampage  .   (no gloves)
Will    .....                   (boots unavailable)
Stlth   +.........              (no amulet)
HPRegen 0.11/turn               (no ring)
MPRegen 0.00/turn               (no ring)

@: confused, flying
A: sickness immunity, fire resistance 2, cold vulnerability 1, float, innate
caster, HP casting, extra vitality 1
a: no special abilities


You were on level 4 of the Dungeon.
You visited 1 branch of the dungeon, and saw 4 of its levels.

You collected 215 gold pieces.

Inventory:

Armour
 a - a +0 robe (worn)
Scrolls
 h - a scroll of teleportation
 k - a scroll of fog
 m - a scroll of immolation
Potions
 b - a potion of mutation {unknown}
 e - a potion of invisibility {unknown}
 f - a potion of brilliance {unknown}
 g - a potion of attraction {unknown}
 i - a potion of lignification {unknown}
 l - a potion of curing {unknown}
 n - a potion of heal wounds {unknown}


   Skills:
 - Level 2.2 Dodging
 - Level 1.5 Stealth
 * Level 4.3 Spellcasting


You couldn't memorise any spells.
You knew the following spells:

 Your Spells              Type           Power      Damage    Failure   Level
a - Sandblast             Erth           38%        2d10      2%          1
b - Passwall              Tmut/Erth      15%        N/A       3%          2
c - Stone Arrow           Conj/Erth      38%        3d9       8%          3
d - Petrify               Tmut/Erth      19%        N/A       24%         4
e - Sting                 Tmut/Pois      76%        1d6       2%          1
f - Scorch                Fire           38%        2d6       3%          2
Your spell library was empty.

Dungeon Overview and Level Annotations

Branches:
Dungeon (4/15)
 Temple: D:4-7

Altars:
Xom
Yredelemnul


Innate Abilities, Weirdness & Mutations

You are immune to sickness and miasma.
You are immune to poison.
Your flesh is very heat resistant. (rF++)
You are vulnerable to cold. (rC-)
You float through the air rather than walking.
You learn spells naturally, not from books.
Your magical power is your life essence.
You have superior vitality. (+4 MHP)


Message History

An orc is nearby!
An orc is nearby!
An endoplasm and an adder come into view.
An orc wizard comes into view. It is wielding a +0 dagger.
Aiming: Sandblast (safe; 2% risk of failure)
Press: ? - help, Q - select action, (/) - cycle Shift-Dir - straight line, f - orc
Aim: an orc, wielding a +0 hand axe (79% to hit)
The blast of sand hits the orc!
You kill the orc!
The adder hisses angrily.
The orc wizard gestures wildly while chanting.
The orc wizard flickers and vanishes!
Deactivating autopickup; reactivate with Ctrl-A.
An orc priest comes into view. It is wielding a +0 scimitar.
Aiming: Sandblast (safe; 2% risk of failure)
Press: ? - help, Q - select action, (/) - cycle Shift-Dir - straight line, f - adder
Aim: an adder (66% to hit)
The blast of sand hits the adder!
You kill the adder!
The endoplasm quivers.
The orc priest calls down the wrath of Beogh upon you.
Beogh smites you!
A kobold comes into view. It is wielding a +0 short sword.
The orc priest begins to cast a cantrip, but forgets the words!
The kobold shouts!
You are confused.
An endoplasm comes into view.
You bump into the rock wall.
The orc priest calls down the wrath of Beogh upon you.
Beogh smites you!
* * * LOW HITPOINT WARNING * * *
You bump into the rock wall.
The endoplasm freezes you.
You are frozen.
You feel a terrible chill!
* * * LOW HITPOINT WARNING * * *
You bump into the rock wall.
The endoplasm hits you.
* * * LOW HITPOINT WARNING * * *
The orc priest calls down the wrath of Beogh upon you.
Beogh smites you!
You die...

...### .....#
#..#.# #..#.#
###..#.# ###
....#.# #..
##.####.##.# #.#
...)..oK{J.# #.#
..o...J.##@# #.#
.#.#######.###.#
............<#
.........##..#
########.##..#
##.##..#
#......#
#.....#.#
#.........


You could see an orc priest, an endoplasm and a kobold.

Vanquished Creatures
  5 adders
  2 worms (D:2)
  2 dart slugs
  An orc (D:4)
  6 endoplasms
  4 goblins
  7 hobgoblins
  2 jackals (D:2)
  7 kobolds
  A quokka (D:3)
  7 ball pythons
  9 bats
  3 frilled lizards
  10 rats
66 creatures vanquished.

Notes
Turn   | Place    | Note
-------+----------+-------------------------------------------
     0 | D:1      | Malachi the Djinni Earth Elementalist began the quest for
                  | the Orb.
     0 | D:1      | Malachi set off with the following spells memorised:
                  | Sandblast, Passwall, Stone Arrow, Petrify.
     0 | D:1      | Reached XP level 1. HP: 15/15 MP: 0/0
   237 | D:1      | Reached XP level 2. HP: 19/21 MP: 0/0
   790 | D:1      | You are sucked into a shaft and drop 1 floor!
   805 | D:2      | Reached skill level 3 in Spellcasting
  1013 | D:2      | Reached XP level 3. HP: 23/25 MP: 0/0
  1013 | D:2      | Learned a level 1 spell: Sting
  1844 | D:2      | Found a faded altar of an unknown god.
  2057 | D:1      | Reached XP level 4. HP: 28/31 MP: 0/0
  2857 | D:3      | Reached skill level 4 in Spellcasting
  2975 | D:3      | Identified the +0 pair of gloves "Ocody" {rN+ Str+10 Int-4}
  3016 | D:3      | Reached XP level 5. HP: 34/35 MP: 0/0
  3016 | D:3      | Learned a level 2 spell: Scorch
  3445 | D:3      | Found a basalt altar of Yredelemnul.
  3456 | D:3      | Found a shimmering altar of Xom.
  3784 | D:4      | HP: 1/35 [endoplasm (2)]
  3785 | D:4      | Killed from afar by an orc priest

Illustrated notes

Levels and vault maps discovered:
D:1:      dpeg_arrival_shrine, layout_basic
D:2:      minmay_inner_zag, layout_basic, ebering_ecumenical_altar_box,
          chequers_serial_rivers_small_3
D:3:      layout_basic, minitemple
D:4:      layout_loops_ring, mainiacjoe_overflow_surrounded_room,
          gammafunk_ghost_abyssal_escape, st_stairs_2

Skill      XL: |  1  2  3  4 |
---------------+-------------+-----
Spellcasting   | 3 4 |  4.3
Dodging        | |  2.2
Stealth        | |  1.5

Action                   |  1- 3 |  4- 6 || total
-------------------------+-------+-------++-------
Melee: Unarmed           |     1 |     1 ||     2
 Cast: Sandblast         |    51 |    35 ||    86
  Use: Scroll            |       |     6 ||     6
Armor: Robe              |     2 |       ||     2
Dodge: Dodged            |    14 |     8 ||    22

Table legend: (Time is in decaauts)
 A = Elapsed time spent in this place.
 B = Non-inter-level travel time spent in this place.
 C = Inter-level travel time spent in this place.
 D = Time resting spent in this place.
 E = Time spent auto-exploring this place.
 F = Levels seen in this place.
 G = Mean time per level.
                   A        B        C        D        E       F      G
               +--------+--------+--------+--------+--------+-----+--------+
         Total |   3873 |   3765 |    108 |    510 |   2857 |   4 |  968.2 |
       Dungeon |   3873 |   3765 |    108 |    510 |   2857 |   4 |  968.2 |
               +--------+--------+--------+--------+--------+-----+--------+

Top non-repeatable levels by time:
     D:3: 1569 daAuts
     D:2: 1269 daAuts
     D:1: 1004 daAuts
     D:4: 29 daAuts
